 Dungeon Crawl Stone Soup version 0.25-a0-667-gb977e01cb5 (webtiles) character file.

Game seed: 10183188778407924240, levelgen mode: deterministic

12 Alarkh the Skirmisher (level 2, 24/24 HPs)
             Began as a Demonspawn Fighter on Mar 27, 2020.
             Was an Initiate of Okawaru.
             Got out of the dungeon alive.
             The game lasted 00:00:53 (755 turns).

Alarkh the Skirmisher (Demonspawn Fighter)           Turns: 755, Time: 00:00:54

Health: 24/24      AC:  6    Str: 16    XL:     2   Next: 20%
Magic:  2/2        EV:  6    Int:  9    God:    Okawaru [......]
Gold:   122        SH:  8    Dex: 12    Spells: 1/1 levels left

rFire    . . .     SeeInvis .     - Unarmed
rCold    . . .     Gourm    .   b - +0 kite shield
rNeg     . . .     Faith    .   a - +0 scale mail
rPois    .         Spirit   .   (no helmet)
rElec    .         Reflect  .   (no cloak)
rCorr    .         Harm     .   (no gloves)
MR       .....     Rnd*Tele +   (no boots)
Stlth    ..........             (no amulet)
HPRegen  0.08/turn              k - ring of teleportation
MPRegen  0.08/turn              (no ring)

@: no status effects
A: talons 1
a: Renounce Religion


You escaped.
You worshipped Okawaru.
Okawaru was noncommittal.
You were not hungry.

You visited 1 branch of the dungeon, and saw 2 of its levels.

You collected 122 gold pieces.

Inventory:

Armour
 a - a +0 scale mail (worn)
 b - a +0 kite shield (worn)
Jewellery
 k - a ring of teleportation (left hand)
Scrolls
 e - a scroll of fear {unknown}
 g - 2 scrolls of immolation
 h - 2 scrolls of remove curse
 i - 2 scrolls of identify {unknown}
Potions
 c - a potion of might
 f - a potion of heal wounds {unknown}
 j - a potion of flight {unknown}
 l - a potion of curing {unknown}
Comestibles
 d - 3 rations
 m - a chunk of flesh


   Skills:
 - Level 3.0 Fighting
 - Level 2.6 Armour
 - Level 2.6 Shields
 + Level 2.6 Unarmed Combat


You had one spell level left.
You didn't know any spells.
Your spell library was empty.

Dungeon Overview and Level Annotations

Branches:
Dungeon (2/15)

Altars:
Okawaru


Innate Abilities, Weirdness & Mutations

You have sharp toenails.


Message History

No target in view!
No target in view!
No target in view!
No target in view!
No target in view!
No target in view!
No target in view!
(D) Dungeon
Where to? (Enter - D:2 @ (x,y), ? - help)
There is an open door here.
HP restored.
There is a stone staircase leading up here.
You climb upwards.
There is a stone staircase leading down here.
You can't go up here!
You enter the shallow water.
Moving in this stuff is going to be slow.
There is a staircase leading out of the dungeon here.
Are you sure you want to leave the Dungeon?
This will make you lose the game!
You have escaped!

#.# #...#........### #.#
#.#...#......... #####.#
##........)...... #######
#.....###.......#.##.#..# ......#
#.##≈#......≈...........# #####.#
#.#≈♣≈.##..≈.≈..#######.# #####.#
#.≈♣⌠♣≈≈≈≈≈.⌠.≈.# #.#
#.#.#.###..≈♣........≈..# #.#
.......##...≈...@...≈...# #.#
#.#.#.##.#.≈♣.......♣≈..# #.#
........##≈♣⌠♣≈≈≈≈≈♣⌠♣≈.# #.#
#.#.#)##.#.≈♣≈.....≈♣≈..#######..
..>....##.##≈#.#####≈##.........#
#.#.#.###.##.#................###
.......##.##.######.#######.#....
#.#.#.#.............# #.#####
....[...####..####### #.#


There were no monsters in sight!

Vanquished Creatures
  A leopard gecko (D:2)
  A hobgoblin (D:1)
  A kobold (D:1)
  2 bats
  4 frilled lizards
  3 goblins
12 creatures vanquished.

Vanquished Creatures (others)
  4 toadstools (D:1)
4 creatures vanquished.

Grand Total: 16 creatures vanquished

Notes
Turn   | Place    | Note
-------+----------+-------------------------------------------
     0 | D:1      | Alarkh the Demonspawn Fighter began the quest for the Orb.
     0 | D:1      | Reached XP level 1. HP: 18/18 MP: 1/1
   311 | D:1      | Found an iron altar of Okawaru.
   330 | D:1      | Became a worshipper of Warmaster Okawaru
   656 | D:2      | Gained mutation: You have sharp toenails. [demonic
                  | ancestry]
   656 | D:2      | Reached XP level 2. HP: 24/24 MP: 2/2
   755 | D:$      | Got out of the dungeon alive.

Levels and vault maps discovered:
D:1:      ldierk_water_garden, layout_loops_ring, st_stairs_10,
          okawaru_ov_weapons_minmay
D:2:      layout_loops_corners, gammafunk_temple_overflow_statue, first_ration,
          uniq_robin, uniq_sigmund, uniq_natasha

Skill      XL: |  1 |
---------------+----+-----
Unarmed Combat | 2 |  2.6
Fighting       | |  3.0
Armour         | |  2.6
Shields        | |  2.6

Action                   || total
-------------------------++-------
Melee: Unarmed           ||    35
       Kick              ||     1
  Use: Scroll            ||     2
Armor: Scale mail        ||     8
Dodge: Dodged            ||     8
Block: Kite shield       ||    12

Table legend:
 A = Non-vault XP
 B = Vault XP
 C = Vault XP percentage of total XP
 D = Non-vault monster count
 E = Vault monster count
 F = Vault count percentage of total count
                 A         B        C        D         E       F
            +---------+---------+-------+---------+---------+-------
      Total |      15 |       3 |  16.7 |      10 |       2 |  16.7
            +---------+---------+-------+---------+---------+-------
        D:1 |       7 |       3 |  30.0 |       5 |       2 |  28.6
        D:2 |       8 |       0 |   0.0 |       5 |       0 |   0.0
            +---------+---------+-------+---------+---------+-------
